 Dungeon Crawl Stone Soup version 0.32-a0-913-g739538afd8 (webtiles) character file.

Game seed: 3944128935381496355

31 SkeletonJelly the Trooper (level 3, -3/33 HPs)
             Began as a Mountain Dwarf Fighter on Apr 8, 2024.
             Killed from afar by Sigmund (5 damage)
             ... with a magic dart
             ... on level 2 of the Dungeon.
             The game lasted 00:01:32 (886 turns).

SkeletonJelly the Trooper (Mountain Dwarf Fighter)   Turns: 886, Time: 00:01:33

Health: -3/33      AC:  6    Str: 20    XL:     3   Next: 7%
Magic:  12/12      EV:  8    Int:  8    God:
Gold:   57         SH:  4    Dex:  9    Spells: 2/2 levels left

rFire   . . .        a - +0 war axe
rCold   . . .        c - +0 buckler
rNeg    . . .        b - +0 scale mail
rPois   .            (no helmet)
rElec   .            (no cloak)
rCorr   .            (no gloves)
SInv    .            (no boots)
Will    .....        (no amulet) Stlth
                     f - ring of magical power
HPRegen 0.25/turn    (no ring)
MPRegen 0.13/turn

%: no passive effects
@: mighty
A: runic magic, artefact enchanting
a: no special abilities


You were on level 2 of the Dungeon.
You visited 1 branch of the dungeon, and saw 2 of its levels.

You collected 57 gold pieces.

Inventory:

Hand Weapons
 a - a +0 war axe (weapon)
Missiles
 j - 3 poisoned darts (quivered)
Armour
 b - a +0 scale mail (worn)
 c - a +0 buckler (worn)
Jewellery
 f - a ring of magical power (left hand)
Scrolls
 g - a scroll of brand weapon {unknown}
 h - a scroll of teleportation {unknown}
 i - a scroll of identify {unknown}
Potions
 d - a potion of might
 e - a potion of mutation {unknown}


   Skills:
 + Level 3.8 Fighting
 * Level 3.8 Axes
 - Level 3.2 Armour
 - Level 3.2 Shields


You had 2 spell levels left.
You didn't know any spells.
Your spell library contained the following spells:

 Spells                   Type           Power      Damage    Failure   Level
 Ensorcelled Hibernation  Hex/Ice        0%         N/A       71%         2
 Passwall                 Erth           0%         N/A       91%         3
 Swiftness                Air            0%         N/A       91%         3


Dungeon Overview and Level Annotations

Branches:
Dungeon (2/15)

Altars:

Shops:
D:1 ?

Annotations:
D:2 Sigmund


Innate Abilities, Weirdness & Mutations

Your spellcasting is much less encumbered by armour.
You can use scrolls of enchantment on lesser artefacts.


Message History

No target in view!
You see here a +0 club.
There is a stone staircase leading down here.
Key pressed, stopping explore.
A hobgoblin comes into view.
The hobgoblin shouts!
A hobgoblin is nearby!
You slash the hobgoblin!
You kill the hobgoblin!
No target in view!
No target in view!
No target in view!
No target in view!
You see here a hobgoblin corpse.
You now have 57 gold pieces (gained 15).
A hobgoblin comes into view.
The hobgoblin shouts!
A hobgoblin is nearby!
A hobgoblin is nearby!
The hobgoblin closely misses you.
You slash the hobgoblin!
You kill the hobgoblin!
No target in view!
No target in view!
No target in view!
You see here a hobgoblin corpse.
You see here 5 stones.
Key pressed, stopping explore.
You see here a hobgoblin corpse.
Key pressed, stopping explore.
A goblin comes into view. It is wielding a +0 club.
The goblin shouts!
You barely miss the goblin. The goblin misses you.
You hit the goblin.
You kill the goblin!
You have reached level 3!
Your experience leads to an increase in your attributes!
Increase (S)trength, (I)ntelligence, or (D)exterity?
You feel stronger. x2
Health restored: 33; MP restored: 12 Done exploring.
Search for what [? for help]? .
Things that are here:
a +0 whip; 3 stones; a kobold skeleton You see here 3 poisoned darts.
j - 3 poisoned darts Done exploring.
Search for what [Enter for "."]? .
There is a stone staircase leading down here.
You climb downwards.
There is a stone staircase leading up here.
You open the door.
There is an open door here.
You open the door.
Sigmund and a kobold come into view.
Sigmund shouts!
The kobold shouts!
A rat comes into view.
The rat squeaks loudly.
You slash the kobold!
You kill the kobold!
You feel very mighty all of a sudden.
Sigmund mumbles some strange words.
Sigmund flickers and vanishes!
Deactivating autopickup; reactivate with Ctrl-A.
There is an open door here.
Things that are here:
a +0 short sword; 5 stones; a kobold corpse You closely miss something.
You hear some strange, mumbled words.
A magic dart appears from out of thin air!
The magic dart hits you.
You take 4 damage, and have 29/33 hp.
You closely miss something. Something hits you.
The rat bites you but does no damage.
You take 5 damage, and have 24/33 hp.
You closely miss something. You closely miss the rat.
Something hits you but does no damage. The rat bites you.
You barely miss something. You slash the rat!
You kill the rat!
You hear some strange, mumbled words.
A puff of flame appears from out of thin air!
The puff of flame hits you! Something hits you.
* * * LOW HITPOINT WARNING * * *
You take 16 damage, and have 8/33 hp.
MASSIVE DAMAGE!!
You closely miss something. You closely miss something. Something hits you.
* * * LOW HITPOINT WARNING * * *
You take 1 damage, and have 7/33 hp.
You closely miss something.
You hear some strange, mumbled words.
A magic dart appears from out of thin air!
The magic dart hits you.
* * * LOW HITPOINT WARNING * * *
Something hits you but does no damage.
You miss something. You barely miss something.
You hear some strange, mumbled words.
A magic dart appears from out of thin air!
The magic dart hits you.
You die...

##.......##
#.........#
+.........+
#.........#
#.......# #.....#
#.†{# #@# #.# #.#
##.## .# ##...##
.. #.....#
.##.##...########
.......#.........
##.##...########


There were no monsters in sight!

Vanquished Creatures
  2 dart slugs (D:1)
  5 bats (D:1)
  An endoplasm (D:1)
  2 giant cockroaches (D:1)
  2 goblins (D:1)
  2 hobgoblins (D:1)
  3 jackals (D:1)
  2 kobolds
  A quokka (D:1)
  A ball python (D:1)
  A frilled lizard (D:1)
  2 rats
24 creatures vanquished.

Notes
Turn   | Place    | Note
-------+----------+-------------------------------------------
     0 | D:1      | SkeletonJelly the Mountain Dwarf Fighter began the quest
                  | for the Orb.
     0 | D:1      | Reached XP level 1. HP: 19/19 MP: 1/1
   289 | D:1      | Reached XP level 2. HP: 3/26 MP: 2/2
   559 | D:1      | Found The Oracle's Delphic Readings.
   796 | D:1      | Reached XP level 3. HP: 33/33 MP: 3/3
   874 | D:2      | Noticed Sigmund
   884 | D:2      | HP: 1/33 [something/magic dart (6)]
   886 | D:2      | Killed from afar by Sigmund

Illustrated notes

Levels and vault maps discovered:
D:1:      dpeg_arrival_court, layout_basic, nicolae_nh_oracle_at_delphi
D:2:      layout_loops_corners, minmay_tromino_mix6, uniq_sigmund

Skill      XL: |  1 |
---------------+----+-----
Axes           | 3 |  3.8
Fighting       | |  3.8
Armour         | |  3.2
Shields        | |  3.2

Action                     || total
---------------------------++-------
  Melee: War axe           ||    73
    Use: Potion            ||     1
 Armour: Scale mail        ||    70
  Dodge: Dodged            ||    22
  Block: Buckler           ||    15

Table legend: (Time is in decaauts)
 A = Elapsed time spent in this place.
 B = Non-inter-level travel time spent in this place.
 C = Inter-level travel time spent in this place.
 D = Time resting spent in this place.
 E = Time spent auto-exploring this place.
 F = Levels seen in this place.
 G = Mean time per level.
                   A        B        C        D        E       F      G
               +--------+--------+--------+--------+--------+-----+--------+
         Total |    911 |    870 |     41 |      0 |    711 |   2 |  455.5 |
       Dungeon |    911 |    870 |     41 |      0 |    711 |   2 |  455.5 |
               +--------+--------+--------+--------+--------+-----+--------+

Top non-repeatable levels by time:
     D:1: 861 daAuts
     D:2: 50 daAuts
